 Dungeon Crawl Stone Soup version 0.28.0-43-g3370ac3207 (webtiles) character file.

Game seed: 13656330210990241613

6282 TheDeanity the Blocker (level 10, -10/102 HPs)
             Began as a Troll Fighter on Mar 15, 2022.
             Was a Believer of Makhleb.
             Mangled by a white ugly thing (29 damage)
             ... on level 9 of the Dungeon.
             The game lasted 00:22:23 (7632 turns).

TheDeanity the Blocker (Troll Fighter)              Turns: 7632, Time: 00:22:23

Health: -10/102    AC:  5    Str: 30    XL:     10   Next: 63%
Magic:  18/18      EV:  9    Int:  4    God:    Makhleb [**....]
Gold:   613        SH: 11    Dex:  9    Spells: 9/9 levels left

rFire   . . .      SeeInvis .   H - +4 flail (holy)
rCold   . . .      Faith    .   c - +1 kite shield
rNeg    . . .      Spirit   .   b - +0 robe
rPois   .          Reflect  .   (helmet restricted)
rElec   .          Harm     .   D - +0 cloak
rCorr   .          Rampage  .   (gloves unavailable)
Will    .....                   (boots unavailable)
Stlth   +.........              f - amulet of regeneration
HPRegen 1.87/turn               y - ring of magical power
MPRegen 0.16/turn               (no ring)

@: on berserk cooldown, slowed, very slow
A: large, unfitting armour, claws 3, regeneration 1, shaggy fur 1, tough skin 1
a: Renounce Religion, Minor Destruction


You were on level 9 of the Dungeon.
You worshipped Makhleb.
Makhleb was pleased with you.
You visited 2 branches of the dungeon, and saw 10 of its levels.
You also visited: Sewer.

You collected 613 gold pieces.

Inventory:

Hand Weapons
 a - a +5 giant spiked club of venom
 H - a +4 flail of holy wrath (weapon)
 K - a +1 flail
Missiles
 x - a throwing net (quivered)
Armour
 b - a +0 robe (worn)
 c - a +1 kite shield (worn)
 D - a +0 cloak (worn)
Jewellery
 f - an amulet of regeneration (around neck)
 y - a ring of magical power (left claw)
 B - a ring of magical power
Wands
 k - a wand of digging (5)
 A - a wand of polymorph (9)
 C - a wand of paralysis (4)
 I - a wand of flame (11)
 J - a wand of acid (4)
Scrolls
 e - 4 scrolls of teleportation
 j - 4 scrolls of magic mapping
 p - 2 scrolls of amnesia
 s - a scroll of enchant armour
 t - 3 scrolls of fear
 v - 3 scrolls of blinking
 G - a scroll of fog {unknown}
Potions
 h - a potion of berserk rage
 i - 3 potions of magic
 m - a potion of cancellation {unknown}
 n - 2 potions of degeneration
 o - a potion of brilliance {unknown}
 q - a potion of lignification {unknown}
 r - a potion of invisibility {unknown}
 u - 2 potions of attraction
 w - 4 potions of curing
 E - 2 potions of resistance
 F - 2 potions of haste


   Skills:
 + Level 7.2 Fighting
 * Level 8.1 Maces & Flails
 - Level 2.4 Dodging
 + Level 9.7 Shields


You had 9 spell levels left.
You didn't know any spells.
Your spell library contained the following spells:

 Spells                   Type           Power      Damage    Failure   Level
 Ensorcelled Hibernation  Hex/Ice        0%         N/A       85%         2
 Passwall                 Tmut/Erth      0%         N/A       85%         2
 Sublimation of Blood     Necr           0%         N/A       85%         2
 Wereblood                Tmut           0%         N/A       85%         2
 Call Canine Familiar     Summ           0%         N/A       97%         3
 Frozen Ramparts          Ice            0%         1d2       97%         3
 Portal Projectile        Hex/Tloc       0%         N/A       97%         3
 Summon Guardian Golem    Hex/Summ       0%         N/A       97%         3
 Swiftness                Air            0%         N/A       97%         3
 Ice Form                 Ice/Tmut       0%         N/A       100%        4
 Leda's Liquefaction      Hex/Erth       0%         N/A       100%        4
 Summon Ice Beast         Ice/Summ       0%         N/A       100%        4
 Orb of Destruction       Conj           0%         9d5       100%        7
 Spellforged Servitor     Conj/Summ      0%         N/A       100%        7
 Summon Hydra             Summ           0%         N/A       100%        7


Dungeon Overview and Level Annotations

Branches:
Dungeon (9/15)             Temple (1/1) D:5           Sewer (visited)
   Lair: D:8-11         Orc: D:9-12

Altars:
Ashenzari
Cheibriados
Elyvilon
Fedhas
Gozag
Hepliaklqana
Kikubaaqudgha
Makhleb
Nemelex Xobeh
Okawaru
Qazlal
Ru
Sif Muna
Trog
Uskayaw
Vehumet
Xom
Yredelemnul
Zin
The Shining One

Shops:
D:5 (   D:6 [   D:7 [

Annotations:
D:4 Vampire!


Innate Abilities, Weirdness & Mutations

You are too large for most types of armour.
You have claws for hands.
Your natural rate of healing is unusually fast.
You are covered in fur. (AC +1)
You have tough skin. (AC +1)


Message History

* * * LOW HITPOINT WARNING * * *
You hit the yak.
The yak is moderately wounded.
You bludgeon the yak!!
The yak is severely wounded.
You block the yak's attack.
You sock the yak!
You kill the yak!
Makhleb accepts your kill.
You hit the white ugly thing.
The white ugly thing is lightly wounded.
The white ugly thing closely misses you.
You bludgeon the white ugly thing!!
The white ugly thing is moderately wounded.
You block the white ugly thing's attack.
You thump the white ugly thing!
The white ugly thing is heavily wounded.
You barely miss the white ugly thing.
The white ugly thing is heavily wounded.
You block the white ugly thing's attack.
You sock the white ugly thing!
The white ugly thing is severely wounded.
You block the white ugly thing's attack.
You closely miss the white ugly thing.
The white ugly thing is severely wounded.
The white ugly thing claws you. The white ugly thing freezes you!
* * * LOW HITPOINT WARNING * * *
You closely miss the white ugly thing.
The white ugly thing is severely wounded.
You sock the white ugly thing!
The white ugly thing is almost dead.
The white ugly thing claws you but does no damage.
You sock the white ugly thing!
The white ugly thing is almost dead.
You are no longer berserk.
You are exhausted.
You feel yourself slow down. The white ugly thing claws you.
* * * LOW HITPOINT WARNING * * *
The white ugly thing freezes you!!
You die...

...# #......######## ...#
#.............##
...###......#####...##.#.
...#........# ##........
..##...###.## #..#####..
.......# #.# ##.##...#
###....# #.# #.†#.#.#.#
#....# #.# #..u.#c#
#........# #.@#.#.#
.....##### #..##...
.....## #.... ### ......#
#.##.. ......# #. ###
......# #. .. .


You could see a white ugly thing.

Vanquished Creatures
  2 two-headed ogres (D:9)
  A wyvern (D:5)
  13 yaks
  Menkaure (D:7)
  A water moccasin (D:5)
  2 black bears
  3 ice beasts
  A necrophage (D:4)
  A sky beast (D:7)
  An ogre (D:4)
  4 centaurs
  A kobold brigand (D:8)
  6 bullfrogs
  A wyvern zombie (D:7)
  A gnoll sergeant (D:8)
  3 scorpions
  2 water moccasin skeletons
  5 wights (D:7)
  A howler monkey (D:7)
  2 hounds (D:6)
  3 jellies
  A centaur skeleton (D:4)
  Terence (D:2)
  2 bullfrog skeletons
  An iguana (D:6)
  An orc wizard (D:5)
  A hound zombie (D:5)
  2 howler monkey zombies
  15 adders
  8 gnolls (D:8)
  4 river rats (Sewer)
  An ufetubus (D:5)
  2 worms
  A dart slug (D:1)
  18 orcs
  9 ball pythons
  9 endoplasms
  7 giant cockroaches
  9 goblins
  4 hobgoblins
  9 jackals
  19 kobolds
  7 quokkas
  7 bats
  8 frilled lizards
  17 rats
218 creatures vanquished.

Vanquished Creatures (others)
  2 demonic plants (D:1)
  3 fungi (D:1)
  2 plants (D:1)
  2 withered plants (D:1)
9 creatures vanquished.

Grand Total: 227 creatures vanquished

Notes
Turn   | Place    | Note
-------+----------+-------------------------------------------
     0 | D:1      | TheDeanity the Troll Fighter began the quest for the Orb.
     0 | D:1      | Reached XP level 1. HP: 22/22 MP: 0/0
    34 | D:1      | Found a faded altar of an unknown god.
    75 | D:1      | Reached XP level 2. HP: 28/29 MP: 1/1
   290 | D:1      | Reached skill level 3 in Shields
   340 | D:1      | Reached XP level 3. HP: 36/36 MP: 2/2
  1023 | D:2      | Noticed Terence
  1080 | D:2      | Killed Terence
  1081 | D:2      | Reached XP level 4. HP: 37/45 MP: 3/3
  1106 | D:2      | Found a shimmering altar of Xom.
  1528 | D:3      | Found a glowing drain.
  1564 | Sewer    | Entered a sewer
  1601 | Sewer    | Reached XP level 5. HP: 39/53 MP: 4/4
  1699 | Sewer    | Reached skill level 4 in Shields
  2290 | D:3      | Reached XP level 6. HP: 54/61 MP: 5/5
  2336 | D:3      | Found a burning altar of Makhleb.
  2338 | D:3      | Found a glowing silver altar of Zin.
  2338 | D:3      | Noticed a balrug
  2338 | D:3      | Noticed an angel
  2341 | D:3      | Became a worshipper of Makhleb the Destroyer
  2938 | D:4      | Reached skill level 5 in Shields
  2969 | D:4      | Reached XP level 7. HP: 62/68 MP: 6/6
  3160 | D:5      | Entered Level 5 of the Dungeon
  3303 | D:5      | Found a staircase to the Ecumenical Temple.
  3322 | D:5      | Found Hupe's Weapon Boutique.
  3399 | D:5      | Noticed a wyvern
  3402 | D:5      | Noticed a yak
  3408 | D:5      | Noticed a yak
  3423 | D:5      | Noticed a yak
  3424 | D:5      | Noticed a yak
  3425 | D:5      | Noticed a yak
  3479 | D:4      | Killed a yak
  3480 | D:4      | Reached skill level 6 in Shields
  3480 | D:4      | Reached XP level 8. HP: 28/79 MP: 7/7
  3683 | D:5      | Reached skill level 5 in Fighting
  3683 | D:5      | Reached skill level 5 in Maces & Flails
  3714 | D:4      | Reached skill level 7 in Shields
  3776 | D:5      | Reached * piety under Makhleb
  3845 | D:5      | Reached XP level 9. HP: 80/88 MP: 8/8
  3911 | D:5      | Found a hazy altar of Hepliaklqana.
  4128 | Temple   | Entered the Ecumenical Temple
  4386 | D:6      | Found a hide-covered altar of Uskayaw.
  4655 | D:6      | Found a white marble altar of Elyvilon.
  4661 | D:6      | Found a sparkling altar of Nemelex Xobeh.
  4666 | D:6      | Found an iron altar of Okawaru.
  4774 | D:6      | Found Suid's Armour Shop.
  4869 | D:6      | Found a basalt altar of Yredelemnul.
  5019 | D:7      | Noticed Menkaure
  5027 | D:7      | Killed Menkaure
  5028 | D:7      | Reached skill level 8 in Shields
  5208 | D:7      | Found Cheibriados's Comfort Zone.
  5211 | D:7      | Found a snail-covered altar of Cheibriados.
  5664 | D:7      | Reached ** piety under Makhleb
  6292 | D:8      | Reached skill level 9 in Shields
  6299 | D:8      | Reached XP level 10. HP: 94/100 MP: 9/9
  7291 | D:9      | Noticed a two-headed ogre
  7376 | D:9      | Killed a two-headed ogre
  7405 | D:9      | Noticed a two-headed ogre
  7416 | D:9      | Killed a two-headed ogre
  7598 | D:9      | Noticed a white ugly thing
  7598 | D:9      | Noticed a centaur warrior
  7613 | D:9      | HP: 5/102 [yak (8)]
  7632 | D:9      | Mangled by a white ugly thing

Illustrated notes

Levels and vault maps discovered:
D:1:      amcnicky_arrival_flooded_fountain, layout_loops_ring,
          shapermc_ecumenical_altar_gd, minmay_tromino_v2
D:2:      layout_basic, basic_altar, kennysheep_generic_room_10, uniq_terence
D:3:      layout_rooms, grunt_temple_overflow_order_and_chaos_2,
          gup_sewer_entry_pipe
D:4:      wander_river, layout_rooms, wad_floor_pattern_untrapped,
          amcnicky_mini_pool_small, grunt_tough_drop
D:5:      layout_gridville, mainiacjoe_overflow_alcove_1,
          minmay_temple_entry_slanted, serial_shops, kennysheep_mini,
          dk_vineyard_1, kennysheep_path_1
D:6:      layout_loops_ring, mainiacjoe_overflow_six_doors_small,
          minmay_overflow_temple_star_quad,
          mainiacjoe_overflow_concentric_impassable, serial_shops,
          shop_fountains
D:7:      layout_basic, minmay_shop_chei, due_unseen_surprise, uniq_menkaure
D:8:      layout_layer_cave, chequers_garden, hex_medium, grunt_decor_fettered
D:9:      corexii_shack_village, layout_basic, minmay_checkerbox
Temple:   nicolae_temple_x_marks_the_god

Skill      XL: |  1  2  3  4  5  6  7  8  9 10 |
---------------+-------------------------------+-----
Maces & Flails | 2 3 4 5 6 8 |  8.1
Shields        | 3 4 5 6 7 9 |  9.7
Fighting       | 3 4 5 6 7 |  7.2
Dodging        | |  2.4

Action                   |  1- 3 |  4- 6 |  7- 9 | 10-12 || total
-------------------------+-------+-------+-------+-------++-------
Melee: Flail             |   175 |    14 |    85 |   104 ||   378
       Unarmed           |       |   283 |   362 |       ||   645
Evoke: Wand              |       |       |     6 |     2 ||     8
  Use: Scroll            |       |     1 |    11 |    11 ||    23
       Potion            |       |       |     3 |     2 ||     5
 Stab: Sleeping          |       |     3 |       |       ||     3
Armor: Robe              |    78 |    95 |    89 |    16 ||   278
Dodge: Dodged            |    92 |    90 |   153 |    36 ||   371
Block: Kite shield       |    85 |   120 |   229 |    52 ||   486
